Map: Blueshift LE

Players

Trizztein

  • Race: Terran Terran
  • League: Master
  • Spawn Location: 1:00

A.I. 1 (Medium) - Winner!

  • Race: Protoss Protoss
  • Spawn Location: 7:00

VOD

Have the link to the VOD?

Description

SCV scouts cyber into nexus
Make CC2 high ground
Make bunker at ramp's entrance

To fix:
3rd CC when?
First move out ... ? Wait for ghosts? Maybe +1+1?
Refinement: make 2d supply later for faster fast?

Rax story: reaper marine reactor marinesx2 till we re rdy to build factories 2 and 3; gives reactor

Factory story: tech lab cyclone widow mine (pour le drop) then just tanks

Starport story: medivac tech lab raven ... Banshees? Libs 1x1? Reactor then libs 2x2?

HOW THE BUILD ACCOUNTS/ADAPTS TO VARIOUS PROTOSS BO

VS cannon rush:
VS DTs:
VS oracle opener:
VS proxy gate:
VS proxy robo:
VS proxy stargate tempest:
VS blink stalker heavy opener:

Time

  • Played on: Jan. 7, 2019, 7:16 a.m.
  • Length: 5:52
Show
View Real Time Build Order
Export as new Build Order

Trizztein Terran 

Build Orders: Reaper Expand, Mech 

Get SALT Encoding   

  6  0:00  SCV  
  13  0:12  SCV  
  14  0:17  Supply Depot  
  14  0:24  SCV  
  15  0:39  SCV  
  15  0:41  Barracks  
  16  0:46  Refinery  
  16  0:51  SCV  
  17  1:03  SCV  
  18  1:15  SCV  
  19  1:28  Orbital Command  
  19  1:29  Reaper  
  20  1:42  Command Center  
  20  1:53  Supply Depot  
  20  1:55  SCV  
  20  2:00  Marine  
  22  2:08  SCV  
  22  2:13  Bunker  
  23  2:16  Factory  
  23  2:21  SCV  
  24  2:24  Barracks Reactor  
  24  2:27  Refinery  
  24  2:33  SCV  
  25  2:45  SCV  
  26  2:56  Orbital Command  
  26  2:57  SCV  
  27  3:04  Marine x2  
  27  3:05  Factory Tech Lab  
  29  3:06  Starport  
  29  3:09  SCV  
  30  3:21  SCV x2, Marine  
  30  3:22  Marine  
  30  3:24  Cyclone  
  37  3:33  SCV, Supply Depot  
  39  3:34  SCV  
  39  3:40  Marine x2  
  41  3:42  Medivac  
  41  3:45  SCV  
  41  3:46  SCV  
  45  3:57  Widow Mine, SCV, Supply Depot  
  45  3:58  SCV  
  49  4:03  Refinery  
  49  4:04  Refinery  
  49  4:09  SCV  
  50  4:10  SCV  
  50  4:13  Starport Tech Lab  
  50  4:14  Marine x2  
  53  4:22  SCV x2  
  55  4:28  Supply Depot  
  55  4:31  Siege Tank  
  58  4:34  SCV x2, Marine x2  
  62  4:49  Raven  
  62  4:50  SCV x2, Supply Depot x2  
  66  5:02  SCV x2, Factory  
  66  5:04  Factory  
  66  5:07  Barracks Tech Lab  
  67  5:14  SCV  
  67  5:18  SCV  
  67  5:21  Supply Depot  
  67  5:26  SCV  
  71  5:30  SCV  
  71  5:31  Armory  
  71  5:32  Armory  
  71  5:34  Engineering Bay  
  72  5:37  Supply Depot  
  72  5:38  SCV  
Show
View Real Time Build Order
Export as new Build Order

A.I. 1 (Medium) Protoss - Winner!

Build Orders:  

Get SALT Encoding   

  6  0:00  Probe  
  13  0:13  Probe  
  14  0:18  Pylon  
  14  0:25  Probe  
  15  0:33  Probe  
  15  0:39  Gateway  
  15  0:41  Probe  
  16  0:47  Assimilator  
  17  0:50  Probe  
  18  1:00  Pylon  
  18  1:29  Gateway  
  18  1:31  Cybernetics Core  
  18  1:33  Assimilator  
  18  1:43  Zealot  
  20  2:04  Adept  
  20  2:05  Pylon  
  22  2:15  Warp Gate  
  22  2:26  Adept  
  24  2:44  Zealot  
  26  2:52  Pylon  
  26  2:54  Adept  
  28  3:12  Probe  
  29  3:20  Adept  
  29  3:24  Probe  
  32  3:32  Pylon  
  32  3:36  Probe  
  32  3:37  Stalker  
  35  3:48  Forge, Probe  
  35  3:51  Adept  
  36  4:00  Probe  
  39  4:13  Probe  
  40  4:17  Adept  
  42  4:35  Adept  
  44  5:08  Probe  
  44  5:14  Zealot  
  44  5:16  Probe  
Tags
 
Composition
Mech
League
Master
Matchup
PvT
Spawn Locations
Cross Positions
Add a new tag
Caveats
  • Supply blocks, unpowered buildings, or Contaminate may cause inaccurate times.
  • Supply counts are checked every 10 seconds.